 Dungeon Crawl Stone Soup version 0.28.0-53-g5a82cb258f (webtiles) character file.

Game seed: 17234616609541079874

22 ILmort the Skirmisher (level 2, -2/19 HPs)
             Began as a Gargoyle Fighter on Aug 20, 2022.
             Slain by a worm (6 damage)
             ... on level 2 of the Dungeon.
             The game lasted 00:02:48 (1179 turns).

ILmort the Skirmisher (Gargoyle Fighter)            Turns: 1179, Time: 00:02:49

Health: -2/19      AC:  9    Str: 19    XL:     2   Next: 91%
Magic:  2/2        EV:  9    Int:  8    God:
Gold:   46         SH:  4    Dex:  9    Spells: 1/1 levels left

rFire   . . .      SeeInvis .   a - +0 flail
rCold   . . .      Faith    .   c - +0 buckler
rNeg    + . .      Spirit   .   b - +0 scale mail
rPois   ∞          Reflect  .   (no helmet)
rElec   +          Harm     .   (no cloak)
rCorr   .          Rampage  .   (no gloves)
Will    .....                   (no boots)
Stlth   ..........              (no amulet)
HPRegen 0.06/turn               (no ring)
MPRegen 0.08/turn               (no ring)

@: no status effects
A: sickness immunity, AC +2, negative energy resistance 1, electricity
resistance, torment resistance 1, petrification resistance
a: no special abilities


You were on level 2 of the Dungeon.
You visited 1 branch of the dungeon, and saw 2 of its levels.

You collected 46 gold pieces.

Inventory:

Hand Weapons
 a - a +0 flail (weapon)
Armour
 b - a +0 scale mail (worn)
 c - a +0 buckler (worn)
Scrolls
 g - a scroll of enchant armour {unknown}
 h - a scroll of identify {unknown}
 j - a scroll of enchant weapon {unknown}
Potions
 d - a potion of might
 e - a potion of heal wounds {unknown}
 f - 2 potions of degeneration {unknown}
 i - a potion of haste {unknown}
 k - a potion of cancellation {unknown}


   Skills:
 + Level 3.6 Fighting
 * Level 2.8 Maces & Flails
 - Level 3.3 Armour
 - Level 3.3 Shields


You had one spell level left.
You didn't know any spells.
Your spell library contained the following spells:

 Spells                   Type           Power      Damage    Failure   Level
 Shock                    Conj/Air       0%         1d3       86%         1
 Swiftness                Air            0%         N/A       99%         3
 Airstrike                Air            0%         N/A       100%        4


Dungeon Overview and Level Annotations

Branches:
Dungeon (2/15)

Altars:

Shops:
D:2 :


Innate Abilities, Weirdness & Mutations

You are immune to sickness and miasma.
Your stone body is resilient. (AC +2)
You are immune to poison.
You resist negative energy. (rN+)
You are resistant to electric shocks. (rElec)
You are resistant to unholy torment.
You are immune to petrification.


Message History

You open the door.
There is an open door here.
You see here a +0 chain mail.
As you open the door, it creaks loudly!
There is an open door here.
Done exploring.
There is a stone staircase leading down here.
You climb downwards.
Found 21 arrows and 12 stones.
Found Rugyirez's Book Emporium.
Found an escape hatch in the ceiling.
There is a stone staircase leading up here.
A ball python comes into view.
The ball python hisses angrily.
The ball python moves out of view.
The bat hits you but does no damage.
You closely miss the ball python. The bat barely misses you.
The ball python bites you but does no damage.
The ball python barely misses you.
You hit the ball python.
You kill the ball python!
The bat closely misses you.
You hit the bat. The bat barely misses you. x2
The bat hits you but does no damage.
You hit the bat but do no damage. The bat hits you but does no damage.
The bat barely misses you. The bat hits you but does no damage.
The worm bites you!
You barely miss the worm. The bat barely misses you.
The bat hits you but does no damage.
You hit the worm but do no damage. The bat hits you but does no damage.
The worm bites you but does no damage.
You barely miss the worm. The worm bites you.
The bat hits you but does no damage.
You sock the worm! The bat closely misses you. The worm closely misses you.
You hit the worm. The worm bites you.
* * * LOW HITPOINT WARNING * * *
You barely miss the worm. The bat hits you.
* * * LOW HITPOINT WARNING * * *
You sock the worm! The bat hits you but does no damage. The worm bites you.
You die...

#....#...
............ #
...........# .#
...........####.##
.......(...#......
....<......+≈≈≈...
.........w.≈≈≈≈≈..
#.....#@b.∩≈≈.#
.#(..<...≈≈≈≈≈..
............≈≈≈...
.#.###............
#.##########. #.
#. #. #.


You could see a worm and a bat.

Vanquished Creatures
  A dart slug (D:1)
  4 ball pythons
  3 bats (D:1)
  2 endoplasms (D:1)
  A giant cockroach (D:1)
  2 goblins (D:1)
  A hobgoblin (D:1)
  A quokka (D:1)
  2 frilled lizards (D:1)
  A kobold (D:1)
  2 rats (D:1)
20 creatures vanquished.

Notes
Turn   | Place    | Note
-------+----------+-------------------------------------------
     0 | D:1      | ILmort the Gargoyle Fighter began the quest for the Orb.
     0 | D:1      | Reached XP level 1. HP: 14/14 MP: 1/1
   206 | D:1      | Reached XP level 2. HP: 19/19 MP: 2/2
  1161 | D:2      | Found Rugyirez's Book Emporium.
  1179 | D:2      | Slain by a worm

Illustrated notes

Levels and vault maps discovered:
D:1:      heliophobic_arrival_battle_scene, layout_basic,
          minmay_misc_feat_alley, minmay_close_crescents
D:2:      layout_basic, serial_shops, nicolae_shop_waterfront,
          basic_ecumenical_altar

Action                   || total
-------------------------++-------
Melee: Flail             ||    69
Armor: Scale mail        ||    49
Dodge: Dodged            ||    42
Block: Buckler           ||     7
